 Dungeon Crawl Stone Soup version 0.21.1-1-g345015f (webtiles) character file.

861 Mirai the Thaumaturge (level 7, -1/36 HPs)
             Began as a Deep Elf Conjurer on Mar 22, 2018.
             Was an Initiate of Vehumet.
             Slain by an iron imp (11 damage)
             ... summoned by Eustachio
             ... on level 5 of the Dungeon.
             The game lasted 00:16:52 (5572 turns).

Mirai the Thaumaturge (Deep Elf Conjurer)           Turns: 5572, Time: 00:16:52

Health: -1/36      AC:  5    Str:  5    XL:     7   Next: 71%
Magic:  3/22       EV: 13    Int: 22    God:    Vehumet [......]
Gold:   184        SH:  0    Dex: 15    Spells: 15/26 levels left

rFire    + + .     SeeInvis .   a - +3 dagger (speed)
rCold    + . .     Gourm    .   (no shield)
rNeg     . . .     Faith    .   n - +1 robe {rF+}
rPois    .         Spirit   .   q - +0 helmet
rElec    .         Reflect  .   E - scarf {rC+ rF+}
rCorr    .         Harm     .   o - +0 pair of gloves
MR       .....                  (no boots)
Stlth    ++........             (no amulet)
HPRegen  0.12/turn              e - +2 ring of slaying
MPRegen  0.18/turn              i - +1 ring of slaying

@: no status effects
A: no striking features
a: Renounce Religion


You were on level 5 of the Dungeon.
You worshipped Vehumet.
Vehumet was noncommittal.
You were hungry.

You visited 2 branches of the dungeon, and saw 6 of its levels.

You collected 184 gold pieces.

Inventory:

Hand Weapons
 a - a +3 dagger of speed (weapon)
Armour
 l - a +0 cloak
 n - a +1 robe of fire resistance (worn)
 o - a +0 pair of gloves (worn)
 q - a +0 helmet (worn)
 r - a +0 buckler
 E - a scarf of resistance (worn)
Magical Staves
 u - an uncursed staff of summoning
Jewellery
 e - a +2 ring of slaying (left hand)
 i - a +1 ring of slaying (right hand)
 j - an uncursed ring of positive energy
 t - an uncursed ring of resist corrosion
 v - an uncursed ring of fire
Wands
 D - a wand of random effects (17)
Scrolls
 g - a scroll of enchant weapon
 m - 2 scrolls of remove curse
 y - a scroll of immolation {unknown}
 A - a scroll of fog {unknown}
 B - a scroll of random uselessness {unknown}
Potions
 d - a potion of brilliance {unknown}
 h - a potion of lignification
 k - 6 potions of curing {unknown}
 p - 2 potions of resistance {unknown}
 s - a potion of ambrosia {unknown}
 x - 2 potions of degeneration {unknown}
 z - 2 potions of haste {unknown}
 C - a potion of heal wounds {unknown}
Books
 b - a book of Conjurations

   Spells                             Type                      Level
   a - Magic Dart                     Conjuration                  1
   b - Searing Ray                    Conjuration                  2
   c - Dazzling Spray                 Conjuration/Hexes            3
   d - Fulminant Prism                Conjuration/Hexes            4
   e - Force Lance                    Conjuration/Translocation    4
   f - Iskenderun's Mystic Blast      Conjuration                  4
 w - a book of Changes

   Spells                             Type                      Level
   a - Beastly Appendage              Transmutation                1
   b - Sticks to Snakes               Transmutation                2
   c - Spider Form                    Transmutation/Poison         3
   d - Ice Form                       Ice/Transmutation            4
   e - Blade Hands                    Transmutation                5
Comestibles
 c - 5 rations


   Skills:
 - Level 0.1 Short Blades
 - Level 2.4 Dodging
 - Level 2.4 Stealth
 + Level 10.0 Spellcasting
 + Level 6.4 Conjurations
 * Level 2.2 Hexes


You had 15 spell levels left.
You knew the following spells:

 Your Spells              Type           Power        Failure   Level  Hunger
a - Magic Dart            Conj           ####         1%          1    None
b - Searing Ray           Conj           #####.       1%          2    None
c - Iskenderun's Mystic   Conj           #####...     4%          4    ##.....
d - Fulminant Prism       Conj/Hex       ####......   10%         4    ##.....


Dungeon Overview and Level Annotations

Branches:
Dungeon (5/15)             Temple (1/1) D:4

Altars:
Ashenzari
Dithmenos
Elyvilon
Fedhas
Gozag
Hepliaklqana
Kikubaaqudgha
Makhleb
Okawaru
Qazlal
Ru
Sif Muna
Uskayaw
Vehumet
Wu Jian
Yredelemnul
Zin
The Shining One

Annotations:
D:5 Eustachio


Message History

The quasit is almost dead.
The quasit misses you. The quasit barely misses you.
The quasit claws you but does no damage.
You miss the quasit.
The quasit is almost dead.
The quasit closely misses you. The quasit barely misses you.
The quasit claws you but does no damage.
You hit the quasit.
You kill the quasit!
You closely miss the iron imp. The iron imp hits you!
You hit the iron imp but do no damage.
Eustachio casts a spell.
You closely miss the iron imp. The iron imp hits you!
* * * LOW HITPOINT WARNING * * *
You hit the iron imp.
The iron imp is moderately wounded.
You completely miss the iron imp.
The iron imp is moderately wounded.
The iron imp hits you!
You die...

#.######
#.#..... ..
#......## ..
##.......## .#
##.........# .#
...........# .#
#.......#.# $#
#..#...##.###@#
#..##.###..@5#
#..##.# #####.#
#..##.# .#
#.....# .!
######..####
#.. ........#
.## ######.##
.# ####.# .#
#....#


You could see Eustachio and an iron imp.

Vanquished Creatures
  The ghost of Ratty the Grave Robber, an amateur DENe (D:4)
  An ogre (D:4)
  9 orc wizards
  2 orc priests
  Jessica (D:3)
  2 worker ants (D:4)
  Robin (D:2)
  A howler monkey skeleton (D:4)
  4 adders
  8 gnolls
  An ooze (D:1)
  3 worms
  An adder skeleton (D:4)
  A dart slug (D:1)
  6 leopard geckos
  23 orcs
  4 giant cockroaches
  12 goblins
  11 hobgoblins
  2 jackals (D:2)
  4 quokkas
  13 bats
  3 frilled lizards (D:1)
  9 kobolds
  3 rats (D:1)
126 creatures vanquished.

Notes
Turn   | Place    | Note
-------+----------+-------------------------------------------
     0 | D:1      | Mirai the Deep Elf Conjurer began the quest for the Orb.
     0 | D:1      | Reached XP level 1. HP: 10/10 MP: 6/6
    80 | D:1      | Reached skill level 4 in Spellcasting
    80 | D:1      | Reached XP level 2. HP: 15/15 MP: 1/9
   317 | D:1      | Learned a level 2 spell: Searing Ray
   552 | D:1      | Reached XP level 3. HP: 19/19 MP: 8/11
   567 | D:1      | Reached skill level 5 in Spellcasting
   932 | D:2      | Reached XP level 4. HP: 24/24 MP: 0/13
  1035 | D:2      | Reached skill level 6 in Spellcasting
  1040 | D:2      | Noticed Robin
  1361 | D:2      | Killed Robin
  1644 | D:2      | Found a blossoming altar of Fedhas.
  2012 | D:3      | Noticed Jessica
  2018 | D:3      | Killed Jessica
  2018 | D:3      | Reached skill level 7 in Spellcasting
  2018 | D:3      | Reached XP level 5. HP: 28/28 MP: 9/16
  2149 | D:3      | Learned a level 4 spell: Iskenderun's Mystic Blast
  2961 | D:3      | Reached skill level 8 in Spellcasting
  2961 | D:3      | Reached XP level 6. HP: 11/32 MP: 8/19
  2961 | D:3      | HP: 1/32 [orc wizard/dagger (6)]
  2968 | D:3      | Reached skill level 5 in Conjurations
  3068 | D:3      | Found an ancient bone altar of Kikubaaqudgha.
  3072 | D:3      | Found a white marble altar of Elyvilon.
  3543 | D:4      | Learned a level 4 spell: Fulminant Prism
  3816 | D:3      | Reached skill level 9 in Spellcasting
  4169 | D:4      | Reached XP level 7. HP: 32/36 MP: 12/21
  4270 | D:4      | Found a staircase to the Ecumenical Temple.
  4285 | Temple   | Entered the Ecumenical Temple
  4420 | D:4      | Noticed Ratty's ghost (amateur DENe)
  4423 | D:4      | Killed Ratty's ghost
  4423 | D:4      | Reached skill level 1 in Hexes
  4576 | D:4      | Found a stormy altar of Qazlal.
  4578 | D:4      | Found a glowing golden altar of the Shining One.
  4580 | D:4      | Found a deep blue altar of Sif Muna.
  4580 | D:4      | Found a radiant altar of Vehumet.
  4580 | D:4      | Found a basalt altar of Yredelemnul.
  4588 | D:4      | Became a worshipper of Vehumet
  4974 | D:4      | Reached skill level 10 in Spellcasting
  5524 | D:5      | Entered Level 5 of the Dungeon
  5545 | D:5      | Noticed Eustachio
  5572 | D:5      | Slain by an iron imp

Skill      XL: |  1  2  3  4  5  6  7 |
---------------+----------------------+-----
Spellcasting   | 4 5 7 8 9 10 | 10.0
Conjurations   | 5 6 |  6.4
Hexes          | 2 |  2.2
Short Blades   | |  0.1
Dodging        | |  2.4
Stealth        | |  2.4

Action                   |  1- 3 |  4- 6 |  7- 9 || total
-------------------------+-------+-------+-------++-------
Melee: Short sword       |     6 |    12 |       ||    18
       Dagger            |       |    37 |    58 ||    95
 Cast: Magic Dart        |    59 |    94 |    21 ||   174
       Searing Ray       |       |    14 |     1 ||    15
       Iskenderun's Myst |       |     7 |    21 ||    28
  Use: Scroll            |     1 |     6 |     1 ||     8
       Potion            |       |     1 |       ||     1
 Stab: Sleeping          |       |     1 |       ||     1
  Eat: Chunk             |       |     7 |     4 ||    11
       Ration            |       |     1 |       ||     1
Armor: Robe              |       |    17 |    29 ||    46
       Skin              |       |     1 |       ||     1
Dodge: Dodged            |    15 |    59 |    51 ||   125
